 Dungeon Crawl Stone Soup version 0.20-a0-463-g5747544 (webtiles) character file.

91 Halberto the Ruffian (level 4, 0/38 HPs)
             Began as a Naga Transmuter on Jan 10, 2017.
             Succumbed to a worker ant's poison
             ... on level 2 of the Dungeon.
             The game lasted 00:14:13 (2661 turns).

Halberto the Ruffian (Naga Transmuter)              Turns: 2661, Time: 00:14:13

Health: 0/38       AC:  2    Str: 13    XL:     4   Next: 59%
Magic:  7/7        EV: 10    Int: 14    God:
Gold:   81         SH:  0    Dex: 11    Spells: 3/7 levels left

rFire  . . .     SeeInvis +       - Unarmed
rCold  . . .     Gourm    .     b - +0 robe
rNeg   + . .     Faith    .     (no shield)
rPois  +         Spirit   .     (no helmet)
rElec  .         Reflect  .     (no cloak)
rCorr  .         Harm     .     (no gloves)
MR     .....     Rnd*Rage +     (no barding)
Stlth  +.........               (no amulet)
                                (no ring)
                                h - ring of positive energy

@: lethally poisoned (0 -> -4), hasted, quick
A: see invisible, berserk 1, deformed body, poison resistance, slowness 2, slow
metabolism 1, spit poison 1, subdued magic 1, MP-powered wands, AC +1
a: Spit Poison


You were on level 2 of the Dungeon.
You were not hungry.

You visited 1 branch of the dungeon, and saw 3 of its levels.

You collected 81 gold pieces.

Inventory:

Missiles
 a - 32 arrows
 g - 4 needles of confusion
 l - 28 poisoned needles
 q - 7 stones (quivered)
Armour
 b - a +0 robe (worn)
 r - a +0 large shield
Jewellery
 h - a ring of positive energy (left hand)
Scrolls
 f - a scroll of blinking {unknown}
 j - 2 scrolls of teleportation {unknown}
 m - 2 scrolls of identify
Potions
 i - 2 potions of mutation
 k - 2 potions of brilliance
 n - a potion of heal wounds {unknown}
 o - a potion of berserk rage {unknown}
 p - a potion of cure mutation {unknown}
Books
 c - a book of Changes

   Spells                             Type                      Level
   a - Beastly Appendage              Transmutation                1
   b - Sticks to Snakes               Transmutation                2
   c - Spider Form                    Transmutation/Poison         3
   d - Ice Form                       Ice/Transmutation            4
   e - Blade Hands                    Transmutation                5
Comestibles
 d - a bread ration
 s - a chunk of flesh
 t - 3 fruits


   Skills:
 - Level 1.0 Fighting
 - Level 2.1 Dodging
 * Level 4.8 Unarmed Combat
 - Level 2.0 Spellcasting
 - Level 2.0 Transmutations
 - Level 0.6 Poison Magic


You had 3 spell levels left.
You knew the following spells:

 Your Spells              Type           Power        Failure   Level  Hunger
a - Beastly Appendage     Tmut           #.....       10%         1    ##.....
b - Spider Form           Tmut/Pois      #.........   43%         3    ####...


Dungeon Overview and Level Annotations

Branches:
Dungeon (3/15)

Altars:


Innate Abilities, Weirdness & Mutations

You cannot wear boots.
Your serpentine skin is tough. (AC +1)
You have supernaturally acute eyesight. (SInv)
Armour fits poorly on your strangely shaped body.
Your system is resistant to poisons. (rPois)
You cover ground very slowly.
You have a slow metabolism.
You can spit poison.
You tend to lose your temper in combat.
Your spells are a little easier to cast, but a little less powerful.
You expend magic power (3 MP) to strengthen your wands.


Message History

You are poisoned.
The worker ant poisons you!
You feel sick. The worker ant bites you.
* * * LOW HITPOINT WARNING * * *
Press: ? - help, Shift-Dir - straight line, f - worker ant
Aim: a worker ant (lightly wounded)
The splash of poison hits the worker ant.
The worker ant appears unharmed.
The worker ant is lightly wounded.
You feel slightly more hungry.
You feel sick. The worker ant closely misses you.
It was a potion of mutation.
You feel extremely strange.
Your connection to magic feels subdued.
You feel your magical essence link to your wands.
You feel a little pissed off. The worker ant bites you!
* * * LOW HITPOINT WARNING * * *
It was a potion of haste.
You feel yourself speed up.
You have got your breath back.
You die...

#.##...#...#.# ##.##
#..#.#####.#.# ##...##
####.......### #####.....#
#.#####.# #.........#
#...#...# #.###.....#
#####.#.##### #.# ##...##
#.....#.....# #.# #####
#.#########.# #.#
##.....#..##.###@##
.......#..##....a.#
###.............>†###
####......###.......######
...<.....................#
#####..######.......####.#
#..######.......# #.#
#.......)..#..#.# #>#
#..######....##.# #.#


You could see a worker ant.

Vanquished Creatures
  2 adders (D:2)
  2 oozes
  6 dart slugs
  2 leopard geckos (D:2)
  A giant cockroach (D:2)
  5 goblins
  12 hobgoblins
  5 kobolds
  A ball python (D:2)
  6 bats
  4 frilled lizards
  6 rats
52 creatures vanquished.

Notes
Turn   | Place    | Note
-------+----------+-------------------------------------------
     0 | D:1      | Halberto the Naga Transmuter began the quest for the Orb.
     0 | D:1      | Reached XP level 1. HP: 18/18 MP: 3/3
   144 | D:1      | Reached XP level 2. HP: 19/25 MP: 3/5
   542 | D:1      | Reached XP level 3. HP: 27/31 MP: 6/6
   566 | D:1      | Reached skill level 4 in Unarmed Combat
  1992 | D:2      | Learned a level 3 spell: Spider Form
  2056 | D:2      | Reached XP level 4. HP: 38/38 MP: 7/7
  2660 | D:2      | Gained mutation: Your spells are a little easier to cast, but a little less powerful. [potion of mutation]
  2660 | D:2      | Gained mutation: You expend magic power (3 MP) to strengthen your wands. [potion of mutation]
  2660 | D:2      | Gained mutation: You tend to lose your temper in combat. [potion of mutation]
  2660 | D:2      | HP: 1/38 [worker ant (7)]
  2661 | D:2      | Succumbed to a worker ant's poison

Vault maps used:
D:1:      lemuel_arrival_river_bridge, minmay_misc_feat_secret_circle
D:2:      minmay_misc_feat_ornament, st_stairs_14
D:3:      marbit_many_paths

Skill      XL: |  1  2  3 |
---------------+----------+-----
Unarmed Combat | 4 |  4.8
Dodging        | 2 |  2.1
Fighting       | |  1.0
Spellcasting   | |  2.0
Transmutations | |  2.0
Poison Magic   | |  0.6

Action                   |  1- 3 |  4- 6 || total
-------------------------+-------+-------++-------
Melee: Unarmed           |   116 |    60 ||   176
       Headbutt          |     2 |       ||     2
       Punch             |     1 |       ||     1
Throw: Stone             |     3 |     4 ||     7
 Cast: Beastly Appendage |     5 |     1 ||     6
 Abil: Spit Poison       |    19 |    10 ||    29
  Use: Scroll            |     1 |       ||     1
       Potion            |       |     2 ||     2
  Eat: Chunk             |     3 |     3 ||     6
Armor: Robe              |    40 |    31 ||    71
Dodge: Dodged            |    86 |    53 ||   139
